 Dungeon Crawl Stone Soup version 0.18-a0-1577-gf591c28 (webtiles) character file.

135 Sargon the Chopper (level 5, -22/41 HPs)
             Began as a Formicid Fighter on Mar 24, 2016.
             Engulfed by a cloud of freezing vapour (24 damage)
             ... on level 12 of the Dungeon.
             The game lasted 00:07:57 (1454 turns).

Sargon the Chopper (Formicid Fighter)               Turns: 1454, Time: 00:07:57

Health: -22/41     AC:  9    Str: 21    XL:     5   Next: 41%
Magic:  5/5        EV:  7    Int:  7    God:
Gold:   119        SH:  9    Dex: 11    Spells: 0 memorised, 4 levels left

rFire  + + .     SeeInvis +     a - +0 war axe
rCold  x . .     Gourm    .     k - -1 fire dragon armour (curse)
rNeg   . . .     Faith    .     c - +0 shield
rPois  .         Spirit   .     (helmet unavailable)
rElec  .         Dismiss  .     n - +0 cloak
rCorr  .         Reflect  .     (no gloves)
SustAt .         Harm     .     (no boots)
MR     .....                    (no amulet)
Stlth  ..........               (no ring)
                                (no ring)

@: not resistant to hostile enchantments, extremely unstealthy
A: permanent stasis, dig shafts and tunnels, four strong arms, antennae 3
a: Dig, Shaft Self


You were on level 12 of the Dungeon.
You were very hungry.

You visited 1 branch of the dungeon, and saw 8 of its levels.

You collected 119 gold pieces.

Inventory:

Hand Weapons
 a - a +0 war axe (weapon)
Armour
 b - a +0 scale mail
 c - a +0 shield (worn)
 k - a cursed -1 fire dragon armour (worn)
 n - a +0 cloak (worn)
Jewellery
 j - an uncursed amulet of rage {unknown}
Scrolls
 l - 4 scrolls of identify {unknown}
 m - 3 scrolls of remove curse {unknown}
 p - a scroll of enchant armour {unknown}
 r - a scroll of random uselessness {unknown}
Potions
 d - a potion of might
 e - 2 potions of resistance {unknown}
 o - a potion of haste {unknown}
Comestibles
 f - a bread ration
 g - a beef jerky
 h - a slice of pizza
 i - 2 meat rations
 q - a chunk of flesh


   Skills:
 - Level 3.5 Fighting
 + Level 4.8 Axes
 - Level 3.4 Armour
 - Level 3.8 Shields


You had 4 spell levels left.
You didn't know any spells.

Dungeon Overview and Level Annotations

Branches:
Dungeon (12/15)
 Temple: D:4-7         Lair: D:8-11         Orc: D:9-12

Altars:

Portals:
Bazaar: D:12

Annotations:
D:3 HandofTrog's ghost, novice MiFi
D:4 M4edhros's ghost, weakling OpAr


Innate Abilities, Weirdness & Mutations

You are under a permanent stasis effect.
You can dig through walls and to a lower floor.
Your four strong arms can wield two-handed weapons with a shield.
You have a pair of large antennae on your head (SInv).


Message History

The wyvern bites you but does no damage.
You begin to dig a shaft.
You continue digging a shaft.
The wyvern bites you.
* * * LOW HITPOINT WARNING * * *
The wyvern bites you.
* * * LOW HITPOINT WARNING * * *
A shaft appears beneath you!
You fall through a shaft for 3 floors!
The shaft crumbles and collapses.
You feel a wave of frost pass over you.
There is an entrance to an ice cave on this level.
Hurry and find it before the portal melts!
You hear coins being counted.
An interdimensional caravan has stopped on this level and set up a bazaar.
Hurry and find its entrance before they move on!
A jelly and a sky beast come into view.
The jelly quivers.
Found a hand axe and a club.
Found a flickering gateway to a bazaar.
Really walk into a travel-excluded area?
You are engulfed in freezing vapours.
Ouch! That really hurt!
You die...

.....
.....########
..........#
......Y..#
.####.......#
............#
....#.......#
..J...)§....#
....#§§@§...#
... #§§§§...#
. §§§§§§§§..#
...§§§§§§.§.#
...§#§§§#####
..####§## .
##


You could see a sky beast and a jelly.

Vanquished Creatures
  Jessica (D:3)
  A worker ant (D:4)
  3 adders
  A dart slug (D:2)
  A giant gecko (D:1)
  An orc (D:5)
  7 bats
  5 giant cockroaches (D:1)
  A goblin (D:1)
  6 hobgoblins
  4 jackals (D:1)
  9 kobolds
  7 giant newts
  8 rats
55 creatures vanquished.

Notes
Turn   | Place    | Note
--------------------------------------------------------------
     0 | D:1      | Sargon the Formicid Fighter began the quest for the Orb.
     0 | D:1      | Reached XP level 1. HP: 18/18 MP: 1/1
    62 | D:1      | Reached XP level 2. HP: 24/24 MP: 2/2
   215 | D:1      | Reached XP level 3. HP: 25/29 MP: 3/3
   358 | D:1      | Reached skill level 3 in Axes
   728 | D:1      | You fall through a shaft!
   959 | D:2      | Reached XP level 4. HP: 35/35 MP: 4/4
  1289 | D:2      | You fall through a shaft!
  1342 | D:3      | Noticed Jessica
  1345 | D:3      | Reached skill level 4 in Axes
  1353 | D:3      | Killed Jessica
  1353 | D:3      | Reached XP level 5. HP: 36/41 MP: 5/5
  1407 | D:3      | Noticed HandofTrog's ghost (novice MiFi)
  1417 | D:4      | Noticed M4edhros's ghost (weakling OpAr)
  1428 | D:4      | You fall through a shaft!
  1428 | D:5      | Entered Level 5 of the Dungeon
  1442 | D:5      | You fall through a shaft for 3 floors!
  1442 | D:8      | Noticed a wasp
  1445 | D:8      | You fall through a shaft!
  1446 | D:9      | Noticed a wyvern
  1451 | D:9      | HP: 2/41 [wyvern (1)]
  1452 | D:9      | You fall through a shaft for 3 floors!
  1452 | D:12     | Found a flickering gateway to a bazaar.
  1452 | D:12     | Noticed a sky beast
  1454 | D:12     | Engulfed by a cloud of freezing vapour

Vault maps used:
D:1:      lightli_arrival_statuegarden, minmay_newt_pond
D:3:      first_bread, moated_statue, uniq_jessica
D:4:      kennysheep_mini, minmay_misc_feat_pillars, minmay_cupped
D:5:      fedhas_altar_2, kennysheep_generic_room_9
D:9:      david_orc_1_choice, hangedman_fish_farm
D:12:     portal_ice_cave_entry_imps, serial_shops, freezing_bzr,
          minmay_lizard_king

Skill      XL: |  1  2  3  4 |
---------------+-------------+-----
Axes           | 3 4 |  4.8
Fighting       | |  3.5
Armour         | |  3.4
Shields        | |  3.8

Action                   |  1- 3 |  4- 6 || total
-------------------------+-------+-------++-------
Melee: War axe           |   118 |    48 ||   166
 Abil: Shaft Self        |     1 |     5 ||     6
  Eat: Chunk             |       |     3 ||     3
